cohdb
Replays
Latest Replays
All Replays
Popular Replays
Top Player Replays
Match Explorer
How It Works
Community
CoH3 Stats
Reddit
Sign in to upload your games and track your stats! →
Sign in with Steam
Match 41504203
Unlisted
Match 41504203
Overview
Messages
Build Orders
End
Panzergrenadier Squad
Selects Italian Infantry
Panzergrenadier Squad
Construct Light Support Kompanie
MG34 Team
Fire Support Elements
Selects Defensive Operations
Flakvierling Half-track
Pak 38 Mechanized Group
Vehicle Survival Package
Construct Panzerarmee Kommand
Selects Prepared Positions
Panzergrenadier Squad
Walking Stuka Rocket Launcher
Getmeout
majintal excumuration
WuTFaCe
GAGE
Der Wüstenhase
TheMallis
Commander Z
Computer - Hard
0
0
Comments
sign in to comment!
No comments posted yet!